AoeStats
← [NICE_ASS] BigMasi

Four Lakes

509971446Analyzed
1v1 RM · 3d ago on Sep 28, 2026· 38m 47s· 2 players
Game mode
Random Map
Map size
Tiny (2 player)
Population
200
Speed
Normal
Resources
Standard
Victory
Conquest
Starting age
Dark Age
Ending age
Imperial Age
RankedLock teamsTeams togetherTeam positionsShared explorationLock speedFull tech treeHidden civsTurbo modeCheats
Victory
Defeat
🇨🇭 Varangians · Switzerland
1305
+17
🇮🇹 Chinese · Italy
1329
-17
[NICE_ASS] BigMasi
8:01 Loom
11:21 Feudal Age
16:28 Castle Age
14:54 Double-Bit Axe
17:35 Bow Saw
17:14 Fishing Lines
27:12 Scale Mail Armor
28:17 Chain Mail Armor
28:12 Forging
33:09 Squires
32:55 Arson
32:55 Gambesons
32:37 Man-at-Arms
33:06 Gambesons
33:06 Arson
34:12 Man-at-Arms
35:45 Iron Casting
35:11 Long Swordsman
Lil'Jack
0:39 Loom
10:30 Feudal Age
14:31 Double-Bit Axe
14:28 Horse Collar
20:10 Castle Age
19:58 Scale Barding Armor
19:56 Scale Mail Armor
20:07 Forging
20:02 Gold Mining
21:33 Bow Saw
21:48 Chain Mail Armor
23:11 Iron Casting
23:43 Arson
24:01 Squires
28:23 Gold Shaft Mining
28:27 Stone Mining
30:55 Man-at-Arms
33:09 Wheelbarrow
33:04 Long Swordsman
Connection lost

Rejoining the realm…

Still unreachable

The connection could not be restored.

Session expired

The server has moved on; the page needs a fresh start.